AoeStats
← 李贰叁

Arabia

509868786Analyzed
4v4 RM · 5d ago on Sep 28, 2026· 23m 27s· 8 players
Game mode
Random Map
Map size
Large (8 player)
Population
200
Speed
Normal
Resources
Standard
Victory
Conquest
Starting age
Dark Age
Ending age
Imperial Age
RankedLock teamsTeams togetherTeam positionsShared explorationLock speedFull tech treeHidden civsTurbo modeCheats
Victory
Defeat
🇨🇳 Franks · China
946
+11
🇨🇳 Mongols · China
884
+14
🇨🇳 Byzantines · China
873
+14
🇨🇳 Magyars · China
864
+15
🇨🇳 Poles · China
1000
-60
🇨🇳 Varangians · China
928
-50
740
-10
🇨🇳 Huns · China
681
-8
hondayu
12:39 Feudal Age
17:34 Castle Age
17:33 Bloodlines
21:19 Scale Barding Armor
MIN
11:33 Feudal Age
15:49 Castle Age
13:54 Double-Bit Axe
16:24 Forging
20:25 Scale Barding Armor
22:31 Iron Casting
最长一枪
8:20 Loom
10:39 Feudal Age
11:37 Double-Bit Axe
12:50 Fletching
16:04 Wheelbarrow
19:31 Padded Archer Armor
19:56 Horse Collar
23:21 Scale Mail Armor
阿炳弟弟
11:43 Feudal Age
12:13 Double-Bit Axe
12:21 Gold Mining
12:25 Stone Mining
14:30 Wheelbarrow
17:50 Horse Collar
22:02 Castle Age
20:18 Fletching
21:07 Forging
21:41 Bloodlines
21:38 Padded Archer Armor
22:15 Scale Barding Armor
23:15 Husbandry
24:03 Leather Archer Armor
24:05 Heavy Plow
强国有我请党放心
2:29 Loom
13:01 Feudal Age
14:12 Double-Bit Axe
14:10 Horse Collar
18:04 Wheelbarrow
18:18 Horse Collar
空无一物
11:32 Feudal Age
13:28 Horse Collar
13:37 Double-Bit Axe
出木杉英才
11:40 Feudal Age
12:33 Double-Bit Axe
24:47 Castle Age
22:59 Bloodlines
李贰叁
12:40 Feudal Age
14:13 Wheelbarrow
14:26 Double-Bit Axe
14:45 Horse Collar
17:34 Gold Mining
21:02 Scale Barding Armor
Connection lost

Rejoining the realm…

Still unreachable

The connection could not be restored.

Session expired

The server has moved on; the page needs a fresh start.